 Dungeon Crawl Stone Soup version 0.30-a0-585-g93115170b9 (webtiles) character file.

Game seed: 9454446509524834526

563 Crownlay the Grappler (level 7, -9/56 HPs)
             Began as a Gnoll Wanderer on Jan 1, 2023.
             Was a Follower of Okawaru.
             Mangled by an ogre
             ... wielding a +0 giant club
              (18 damage)
             ... on level 5 of the Dungeon.
             The game lasted 00:06:31 (3277 turns).

Crownlay the Grappler (Gnoll Wanderer)              Turns: 3277, Time: 00:06:32

Health: -9/56      AC: 11    Str: 14    XL:     7   Next: 32%
Magic:  10/10      EV:  6    Int:  9    God:    Okawaru [*.....]
Gold:   224        SH:  0    Dex: 13    Spells: 11/11 levels left

rFire   . . .      SeeInvis .    a - +3 spear
rCold   . . .      Faith    +    (no shield)
rNeg    . . .      Spirit   .    k - +0 chain mail
rPois   +          Reflect  .    (no helmet)
rElec   .          Harm     .    s - +0 cloak
rCorr   .          Rampage  .    (no gloves)
Will    .....                    t - +0 pair of boots Stlth
                                 p - amulet of faith
HPRegen 0.29/turn                b - ring of poison resistance
MPRegen 0.12/turn                (no ring)

@: no status effects
A: fangs 1, strong nose, distributed training
a: Renounce Religion, Heroism


You were on level 5 of the Dungeon.
You worshipped Okawaru.
Okawaru was aware of your devotion.
You visited 1 branch of the dungeon, and saw 5 of its levels.

You collected 224 gold pieces.

Inventory:

Hand Weapons
 a - a +3 spear (weapon)
Missiles
 u - 5 silver boomerangs (quivered)
 v - a silver javelin
 x - a boomerang
Armour
 k - a +0 chain mail (worn)
 s - a +0 cloak (worn)
 t - a +0 pair of boots (worn)
Magical Staves
 l - a staff of air
Jewellery
 b - a ring of poison resistance (left hand)
 p - an amulet of faith (around neck)
Scrolls
 d - a scroll of magic mapping {unknown}
 e - a scroll of brand weapon {unknown}
 h - 6 scrolls of teleportation
 i - a scroll of identify
 m - 2 scrolls of noise
 o - a scroll of butterflies {unknown}
 q - 2 scrolls of immolation
Potions
 c - 3 potions of heal wounds
 f - a potion of magic {unknown}
 g - 2 potions of attraction {unknown}
 j - 4 potions of mutation
 n - a potion of lignification {unknown}
 r - a potion of might {unknown}


   Skills:
 + Level 5.2 Fighting
 + Level 2.5 Short Blades
 + Level 2.5 Long Blades
 + Level 2.5 Axes
 + Level 2.5 Maces & Flails
 + Level 7.0 Polearms
 + Level 2.5 Staves
 + Level 2.5 Ranged Weapons
 + Level 3.6 Throwing
 + Level 2.5 Armour
 + Level 2.5 Dodging
 + Level 2.5 Stealth
 + Level 2.5 Shields
 + Level 8.9 Unarmed Combat
 + Level 2.5 Spellcasting
 + Level 2.0 Conjurations
 + Level 2.0 Hexes
 + Level 2.0 Summonings
 + Level 2.0 Necromancy
 + Level 2.0 Translocations
 + Level 2.0 Transmutations
 + Level 2.0 Fire Magic
 + Level 2.0 Ice Magic
 + Level 2.0 Air Magic
 + Level 2.0 Earth Magic
 + Level 2.0 Poison Magic
 + Level 2.8 Invocations
 + Level 2.5 Evocations


You had 11 spell levels left.
You didn't know any spells.
Your spell library contained the following spells:

 Spells                   Type           Power      Damage    Failure   Level
 Inner Flame              Hex/Fire       4%         N/A       100%        3
 Cause Fear               Hex            2%         N/A       100%        4
 Discord                  Hex            2%         N/A       100%        8


Dungeon Overview and Level Annotations

Branches:
Dungeon (5/15)
 Temple: D:4-7

Altars:
Dithmenos
Elyvilon
Okawaru
The Shining One

Shops:
D:4 (


Innate Abilities, Weirdness & Mutations

You have very sharp teeth.
Your uncanny sense of smell can sniff out nearby items.
Your experience applies equally to all skills.


Message History

The throwing net barely misses the ogre.
You are too injured to fight recklessly!
You hit the ogre.
The ogre is lightly wounded.
The ogre closely misses you.
You barely miss the ogre. You bite the ogre, but do no damage.
The ogre is lightly wounded.
You barely miss the ogre.
The ogre is lightly wounded.
The ogre hits you with a +0 giant club!
You feel much better.
You hit the ogre. You bite the ogre, but do no damage.
The ogre is lightly wounded.
The ogre hits you with a +0 giant club!
You hit the ogre.
The ogre is lightly wounded.
The ogre hits you with a +0 giant club!
* * * LOW HITPOINT WARNING * * *
There is a stone staircase leading up here.
You are no longer corroded.
An ogre is nearby!
You are too injured to fight recklessly!
Throw: javelin
Press: ? - help, Q - select action, (/) - cycle Shift-Dir - straight line, f/p - ogre
Aim: an ogre, wielding a +0 giant club (lightly wounded, 75% to hit)
You throw a javelin. The javelin pierces through the ogre!
The ogre is heavily wounded.
Throw: 5 boomerangs (silver)
Press: ? - help, Q - select action, (/) - cycle Shift-Dir - straight line, f/p - ogre
Aim: an ogre, wielding a +0 giant club (heavily wounded, 75% to hit)
You throw a silver boomerang.
The silver boomerang hits the ogre but does no damage.
The ogre is heavily wounded.
The ogre hits you with a +0 giant club!
* * * LOW HITPOINT WARNING * * *
You are too injured to fight recklessly!
You hit the ogre.
The ogre is heavily wounded.
The ogre hits you with a +0 giant club!!
You die...

...# ####.......### #....<...
#### #...####....####........ .:
#.# ##.#............. ... #.#
##.####.......... ....
##.#####...........##...#
.....####..##......####.......#.#
.......<.........### #..######..
....#(.........########.## ### ..
#.......##(O@.......#
#.......#..########.#
#.........## #.......###
#.......# ......### ...∆ ∆ .. ∆ ∆


You could see an ogre.

Vanquished Creatures
  Eustachio (D:4)
  An ice beast (D:5)
  A hound (D:4)
  2 jellies
  An orc priest (D:4)
  2 orc wizards (D:5)
  An iguana (D:4)
  3 adders
  3 worms
  2 dart slugs
  12 orcs
  7 endoplasms
  5 giant cockroaches
  6 goblins
  7 hobgoblins
  3 jackals (D:1)
  12 kobolds
  3 quokkas
  3 training dummies (D:4)
  5 ball pythons
  3 bats
  3 frilled lizards
  4 rats
90 creatures vanquished.

Vanquished Creatures (others)
  A plant (D:4)
1 creature vanquished.

Grand Total: 91 creatures vanquished

Notes
Turn   | Place    | Note
-------+----------+-------------------------------------------
     0 | D:1      | Crownlay the Gnoll Wanderer began the quest for the Orb.
     0 | D:1      | Crownlay set off with the following items: a +3 spear, a
                  | potion of curing, a potion of heal wounds, a +0 leather
                  | armour.
     0 | D:1      | Reached XP level 1. HP: 20/20 MP: 1/1
   149 | D:1      | Reached XP level 2. HP: 22/26 MP: 2/2
   444 | D:1      | Reached XP level 3. HP: 27/31 MP: 3/3
   601 | D:1      | Reached skill level 1 in Invocations
   693 | D:2      | Reached skill level 1 in Short Blades
   693 | D:2      | Reached skill level 1 in Long Blades
   693 | D:2      | Reached skill level 1 in Axes
   693 | D:2      | Reached skill level 1 in Maces & Flails
   693 | D:2      | Reached skill level 1 in Staves
   693 | D:2      | Reached skill level 1 in Ranged Weapons
   693 | D:2      | Reached skill level 1 in Armour
   693 | D:2      | Reached skill level 1 in Dodging
   693 | D:2      | Reached skill level 1 in Stealth
   693 | D:2      | Reached skill level 1 in Shields
   693 | D:2      | Reached skill level 1 in Spellcasting
   693 | D:2      | Reached skill level 1 in Evocations
   909 | D:2      | Found a faded altar of an unknown god.
   938 | D:2      | Reached XP level 4. HP: 38/38 MP: 5/5
  1441 | D:3      | Reached skill level 1 in Conjurations
  1441 | D:3      | Reached skill level 1 in Hexes
  1441 | D:3      | Reached skill level 1 in Summonings
  1441 | D:3      | Reached skill level 1 in Necromancy
  1441 | D:3      | Reached skill level 1 in Translocations
  1441 | D:3      | Reached skill level 1 in Transmutations
  1441 | D:3      | Reached skill level 1 in Fire Magic
  1441 | D:3      | Reached skill level 1 in Ice Magic
  1441 | D:3      | Reached skill level 1 in Air Magic
  1441 | D:3      | Reached skill level 1 in Earth Magic
  1441 | D:3      | Reached skill level 1 in Poison Magic
  1836 | D:4      | You fall into a shaft and drop 1 floor!
  1836 | D:5      | Entered Level 5 of the Dungeon
  1893 | D:5      | Reached XP level 5. HP: 15/43 MP: 5/7
  1904 | D:5      | HP: 2/43 [something (3)]
  2097 | D:5      | Noticed an ice beast
  2111 | D:5      | Killed an ice beast
  2112 | D:5      | Reached XP level 6. HP: 35/50 MP: 8/8
  2202 | D:4      | Found a white marble altar of Elyvilon.
  2218 | D:4      | Found an iron altar of Okawaru.
  2223 | D:4      | Became a worshipper of Warmaster Okawaru
  2351 | D:4      | Noticed Eustachio
  2378 | D:4      | Killed Eustachio
  2379 | D:4      | Reached skill level 5 in Fighting
  2448 | D:4      | Reached * piety under Okawaru
  2504 | D:4      | Reached XP level 7. HP: 51/56 MP: 10/10
  2588 | D:4      | Found Ynoh's Firing Range.
  2890 | D:4      | Found a glowing golden altar of the Shining One.
  3252 | D:5      | Found a shadowy altar of Dithmenos.
  3277 | D:5      | Mangled by an ogre

Illustrated notes

Levels and vault maps discovered:
D:1:      onia_arrival_mini_maze, layout_basic, chequers_serial_rivers_small_b,
          minmay_ruptured
D:2:      layout_basic, hellmonk_ecumenical_altar_arch_garden,
          dreamdust_princess_corridor, chequers_serial_rivers_small_3,
          grunt_decor_cap
D:3:      layout_loops_ring, feat_on_display
D:4:      layout_cave_pools, mainiacjoe_overflow_concentric_impassable,
          tso_oasis_becter, okawaru_trees_2, serial_rivers,
          chequers_serial_rivers_micro_a, chequers_serial_rivers_room_b,
          chequers_serial_rivers_micro_c, chequers_serial_rivers_marsh,
          chequers_serial_rivers_large_b, nicolae_shop_firing_range,
          uniq_eustachio
D:5:      layout_rooms, kennysheep_slug_shrine, grunt_temple_overflow_open,
          nrook_pool_corridor

Skill      XL: |  1  2  3  4  5  6  7 |
---------------+----------------------+-----
Invocations    | 1 2 |  2.8
Short Blades   | 1 2 |  2.5
Long Blades    | 1 2 |  2.5
Axes           | 1 2 |  2.5
Maces & Flails | 1 2 |  2.5
Staves         | 1 2 |  2.5
Ranged Weapons | 1 2 |  2.5
Armour         | 1 2 |  2.5
Dodging        | 1 2 |  2.5
Stealth        | 1 2 |  2.5
Shields        | 1 2 |  2.5
Spellcasting   | 1 2 |  2.5
Evocations     | 1 2 |  2.5
Conjurations   | 1 2 |  2.0
Hexes          | 1 2 |  2.0
Summonings     | 1 2 |  2.0
Necromancy     | 1 2 |  2.0
Translocations | 1 2 |  2.0
Transmutations | 1 2 |  2.0
Fire Magic     | 1 2 |  2.0
Ice Magic      | 1 2 |  2.0
Air Magic      | 1 2 |  2.0
Earth Magic    | 1 2 |  2.0
Poison Magic   | 1 2 |  2.0
Throwing       | 3 |  3.6
Fighting       | 5 |  5.2
Polearms       | 7 |  7.0
Unarmed Combat | |  8.9

Action                   |  1- 3 |  4- 6 |  7- 9 || total
-------------------------+-------+-------+-------++-------
Melee: Spear             |   103 |   171 |    68 ||   342
       Bite              |     6 |    20 |    16 ||    42
       Punch             |     3 |     5 |     4 ||    12
Throw: Boomerang         |       |     2 |     1 ||     3
       Javelin           |       |       |     1 ||     1
       Throwing net      |       |       |     1 ||     1
  Use: Scroll            |       |     1 |     3 ||     4
       Potion            |       |     1 |     1 ||     2
Armor: Leather armour    |    21 |       |       ||    21
       Chain mail        |     3 |   117 |    21 ||   141
Dodge: Dodged            |    27 |    34 |    10 ||    71

Table legend: (Time is in decaauts)
 A = Elapsed time spent in this place.
 B = Non-inter-level travel time spent in this place.
 C = Inter-level travel time spent in this place.
 D = Time resting spent in this place.
 E = Time spent auto-exploring this place.
 F = Levels seen in this place.
 G = Mean time per level.
                   A        B        C        D        E       F      G
               +--------+--------+--------+--------+--------+-----+--------+
         Total |   3224 |   3189 |     35 |     51 |   2503 |   5 |  644.8 |
       Dungeon |   3224 |   3189 |     35 |     51 |   2503 |   5 |  644.8 |
               +--------+--------+--------+--------+--------+-----+--------+

Top non-repeatable levels by time:
     D:4: 1043 daAuts
     D:1: 666 daAuts
     D:3: 578 daAuts
     D:2: 561 daAuts
     D:5: 375 daAuts
